 Dungeon Crawl Stone Soup version 0.32-a0-913-g739538afd8 (webtiles) character file.

Game seed: 17551976073628784284

349 ezpacito the Trooper (level 6, -1/48 HPs)
             Began as a Coglin Chaos Knight on Apr 10, 2024.
             Was a Plaything of Xom.
             Slain by an ogre
             ... wielding a +0 giant spiked club
              (15 damage)
             ... on level 4 of the Dungeon.
             The game lasted 00:04:25 (2051 turns).

ezpacito the Trooper (Coglin Chaos Knight)          Turns: 2051, Time: 00:04:25

Health: -1/48      AC:  5    Str: 14    XL:     6   Next: 60%
Magic:  7/7        EV: 11    Int: 11    God:    Xom [...*..]
Gold:   214        SH:  0    Dex: 14    Spells: 7/7 levels left

rFire   . . .        a - +0 hand axe (chaos) {Ankhesenamen}
rCold   . . .        h - +2 dagger (drain) {Bonifácio}
rNeg    . . .        b - +2 leather armour
rPois   .            (no helmet)
rElec   .            (no cloak)
rCorr   .            (no gloves)
SInv    .            (no boots)
Will    .....        (amulet unavailable)
Stlth   ++           (ring unavailable)
HPRegen 0.28/turn    (ring unavailable)
MPRegen 0.10/turn    (no gizmo)

%: no passive effects
@: revving
A: off-hand wielding, slow wielding, warmup strikes, no jewellery
a: Invent Gizmo, Renounce Religion


You were on level 4 of the Dungeon.
You worshipped Xom.
You were a favourite toy of Xom.
You visited 1 branch of the dungeon, and saw 4 of its levels.

You collected 214 gold pieces.

Inventory:

Hand Weapons
 a - a +0 hand axe of chaos (weapon) {Ankhesenamen}
 h - a +2 dagger of draining (offhand) {Bonifácio}
 m - a +2 mace of holy wrath
Missiles
 e - 7 javelins (quivered)
Armour
 b - a +2 leather armour (worn)
Magical Staves
 d - a staff of earth
Wands
 i - a wand of charming (16)
Scrolls
 c - a scroll of enchant weapon {unknown}
 g - 2 scrolls of noise {unknown}
 j - a scroll of fear {unknown}
 k - 3 scrolls of revelation {unknown}
 l - 2 scrolls of poison {unknown}
 n - a scroll of fog {unknown}
 o - 3 scrolls of enchant armour {unknown}
Potions
 f - 3 potions of curing {unknown}


   Skills:
 * Level 4.0 Fighting
 * Level 3.8(4.2) Axes
 * Level 2.1(3.1) Polearms
 * Level 2.9 Armour
 * Level 2.1 Dodging
 + Level 1.4 Stealth
 + Level 1.0 Spellcasting
 + Level 1.5 Evocations


You had 7 spell levels left.
You didn't know any spells.
Your spell library contained the following spells:

 Spells                   Type           Power      Damage    Failure   Level
 Slow                     Hex            0%         N/A       36%         1
 Confusing Touch          Hex            0%         N/A       75%         3
 Teleport Other           Tloc           0%         N/A       75%         3
 Vampiric Draining        Necr           0%         2d6       75%         3
 Dispersal                Tloc           0%         N/A       100%        6
 Gell's Gavotte           Tloc           0%         2d(11-16) 100%        6


Dungeon Overview and Level Annotations

Branches:
Dungeon (4/15)
 Temple: D:4-7

Altars:


Innate Abilities, Weirdness & Mutations

You can wield a second weapon in your off-hand.
It takes a long time for you to wield or remove held weapons.
Your first few attacks do less damage.
You cannot equip rings or amulets.


Message History

You kill the kobold!
No target in view!
No target in view!
No target in view!
An ogre comes into view. It is wielding a +0 giant spiked club.
The ogre shouts!
An ogre is nearby!
You closely miss the ogre with your +2 dagger of draining.
You hit the ogre with your +0 hand axe of chaos.
The ogre looks weaker.
The ogre closely misses you.
You barely miss the ogre with your +2 dagger of draining.
The ogre is lightly wounded.
You hit the ogre with your +0 hand axe of chaos.
You freeze the ogre.
You hit the ogre with your +0 hand axe of chaos.
The ogre flies into a frenzy!
The ogre is heavily wounded.
You hit the ogre with your +2 dagger of draining.
You drain the ogre.
The ogre hits you with a +0 giant spiked club!!
Ouch! That really hurt!
You take 25 damage, and have 23/48 hp.
MASSIVE DAMAGE!!
You are too injured to fight recklessly!
You are too injured to fight recklessly!
You are too injured to fight recklessly!
You are too injured to fight recklessly!
You are too injured to fight recklessly!
You are too injured to fight recklessly!
You are too injured to fight recklessly!
An ogre is nearby!
Okay, then.
You hit the ogre with your +0 hand axe of chaos.
You burn the ogre.
The ogre is almost dead.
You hit the ogre with your +2 dagger of draining.
The ogre hits you with a +0 giant spiked club!
* * * LOW HITPOINT WARNING * * *
The ogre hits you with a +0 giant spiked club!
You die... "This toy is broken."

.##########
......O@..#
#########.#
#.# #.# #.#
#.# #.# #.#
#.#


You could see a neutral ogre (fast, strong, frenzied, weak, drained).

Vanquished Creatures
  A water moccasin (D:3)
  A jelly (D:3)
  A hound (D:4)
  3 orc wizards (D:3)
  2 adders (D:4)
  3 dart slugs
  7 orcs
  6 endoplasms
  A giant cockroach (D:1)
  5 hobgoblins
  4 quokkas
  3 ball pythons
  4 bats
  4 frilled lizards
  6 goblins
  15 kobolds
  5 rats
71 creatures vanquished.

Vanquished Creatures (others)
  A goblin zombie (D:3)
1 creature vanquished.

Grand Total: 72 creatures vanquished

Notes
Turn   | Place    | Note
-------+----------+-------------------------------------------
     0 | D:1      | ezpacito the Coglin Chaos Knight began the quest for the
                  | Orb.
     0 | D:1      | Reached XP level 1. HP: 18/18 MP: 1/1
    69 | D:1      | Reached skill level 1 in Dodging
   161 | D:1      | Reached XP level 2. HP: 24/24 MP: 2/2
   320 | D:1      | Reached XP level 3. HP: 29/29 MP: 3/3
   647 | D:1      | Found a faded altar of an unknown god.
   736 | D:1      | XOM: divination: detect creatures
  1244 | D:3      | Reached skill level 1 in Polearms
  1244 | D:3      | Reached XP level 4. HP: 33/35 MP: 4/4
  1297 | D:3      | Reached XP level 5. HP: 36/42 MP: 5/5
  1299 | D:3      | Reached skill level 1 in Stealth
  1422 | D:3      | Reached skill level 1 in Evocations
  1422 | D:3      | Noticed a water moccasin
  1427 | D:3      | XOM: potion effect (brilliance)
  1451 | D:3      | XOM: potion effect (heal wounds)
  1463 | D:3      | XOM: potion effect (invisibility)
  1471 | D:3      | XOM: divination: magic mapping
  1475 | D:3      | XOM: potion effect (haste)
  1479 | D:3      | Killed a water moccasin
  1480 | D:3      | Reached skill level 4 in Fighting
  1480 | D:3      | Reached skill level 1 in Spellcasting
  1480 | D:3      | Reached XP level 6. HP: 48/48 MP: 7/7
  1876 | D:4      | XOM: silly message
  2051 | D:4      | Slain by an ogre

Illustrated notes

Levels and vault maps discovered:
D:1:      matt_arrival_los_fun, layout_rooms,
          shapermc_ecumenical_altar_mp_urbaneastern, minmay_close_crescents
D:2:      layout_basic, minmay_pentomino_x4
D:3:      layout_basic
D:4:      layout_loops_ring, kennysheep_orc_sif_temple,
          minmay_temple_entry_hall, serial_shops, shop, shop

Skill      XL: |  1  2  3  4  5  6 |
---------------+-------------------+-----
Dodging        | 1 2 |  2.1
Armour         | 2 |  2.9
Polearms       | 1 2 |  2.1
Stealth        | 1 |  1.4
Evocations     | 1 |  1.5
Fighting       | 4 |  4.0
Spellcasting   | 1 |  1.0
Axes           | |  3.8

Action                     |  1- 3 |  4- 6 || total
---------------------------+-------+-------++-------
  Melee: Hand axe          |    74 |    51 ||   125
         Dagger            |    64 |    53 ||   117
  Throw: Javelin           |       |     7 ||     7
    Use: Scroll            |       |     1 ||     1
         Potion            |       |     1 ||     1
   Stab: Invisible         |       |     1 ||     1
         Sleeping          |       |     4 ||     4
 Armour: Leather armour    |    48 |    44 ||    92
  Dodge: Dodged            |    38 |    29 ||    67

Table legend: (Time is in decaauts)
 A = Elapsed time spent in this place.
 B = Non-inter-level travel time spent in this place.
 C = Inter-level travel time spent in this place.
 D = Time resting spent in this place.
 E = Time spent auto-exploring this place.
 F = Levels seen in this place.
 G = Mean time per level.
                   A        B        C        D        E       F      G
               +--------+--------+--------+--------+--------+-----+--------+
         Total |   2042 |   1907 |    135 |      0 |   1471 |   4 |  510.5 |
       Dungeon |   2042 |   1907 |    135 |      0 |   1471 |   4 |  510.5 |
               +--------+--------+--------+--------+--------+-----+--------+

Top non-repeatable levels by time:
     D:1: 775 daAuts
     D:3: 705 daAuts
     D:2: 337 daAuts
     D:4: 224 daAuts
